[Event "Early-Titled-Tuesday-Blitz-March-12-2024"]
[Site "Chess.com"]
[Date "2024.03.12"]
[Round "10"]
[White "GalaxyRoman"]
[Black "viktorskliarov"]
[Result "1-0"]
[WhiteElo "2726"]
[BlackElo "2589"]
[TimeControl "180+1"]
[EndTime "9:52:34 PDT"]
[Termination "GalaxyRoman won by resignation"]

1. e4 c5 2. Nc3 Nc6 3. f4 g6 4.
Nf3 Bg7 5. Bb5 Nd4 6. O-O Nxb5 7. Nxb5 a6 8. Nc3 b5 9. d3 Bb7 10. Be3 d6 11. Rb1 e6 12. Ne2 Ne7 13. c3 Rc8 14. h3 c4 15. Bd4 O-O 16. Bxg7 Kxg7 17. Ng3 f5 18. exf5 Nxf5 19. Nxf5+ Rxf5 20. Nd4 Rf6 21. dxc4 Rxc4 22. Qe2 Bd5 23. a3 Qd7 24. Rbd1 Rc8 25.
Rf2 Rcf8 26. Qe3 e5 27. Nf5+ Qxf5 28. Rxd5 Qb1+ 29. Kh2 Rxf4 30. Rxf4 exf4 31. Qd4+ Kg8 32. Rxd6 Qxb2 33. Rd7 Rf7 34. Qd5 1-0

[Event "Early-Titled-Tuesday-Blitz-March-12-2024"]
[Site "Chess.com"]
[Date "2024.03.12"]
[Round "10"]
[White "Shuvalov"]
[Black "bubeliang"]
[Result "0-1"]
[WhiteElo "2556"]
[BlackElo "2798"]
[TimeControl "180+1"]
[EndTime "9:52:35 PDT"]
[Termination "bubeliang won by resignation"]

1. d4 d5 2. c4 e6 3. Nf3 Nf6 4.
Nc3 dxc4 5. e4 b5 6. e5 Nd5 7. Nxb5 Nb6 8. Be3 Nc6 9. h4 Ne7 10.
h5 Nf5 11. a3 Bb7 12. Rc1 Be7 13. h6 g6 14. Bxc4 O-O 15. Be2 Nd5 16. Bd2 a6 17.
Nc3 c5 18. dxc5 Bxc5 19. Ne4 Be7 20. Qa4 Nb6 21. Qc2 Nd4 22. Nxd4 Qxd4 23. Be3 Qxe4 24.
Qxe4 Bxe4 25. Bxb6 Bxg2 26. Rg1 Bd5 27. b4 Rfc8 28.
Kd2 Kf8 29. Rxc8+ Rxc8 30. Rc1 Bg5+ 31. Be3 Bxe3+ 32. fxe3 Rxc1 33. Kxc1 Bb7 34. Kd2 f6 35. exf6 Kf7 36. Kc3 Kxf6 37. Kd4 Kg5 38. Bd3 Kxh6 39. Ke5 Kg5 40. e4 h5 41. Bf1 h4 42. Bh3 Bc8 43.
a4 Bd7 44. a5 Bc8 45. Bxe6 Bxe6 46. Kxe6 h3 47. b5 h2 48. bxa6 h1=Q 49. e5 Qa8 0-1

[Event "Early-Titled-Tuesday-Blitz-March-12-2024"]
[Site "Chess.com"]
[Date "2024.03.12"]
[Round "10"]
[White "KhazhatulyAlikhan"]
[Black "Sadykov_Ramil"]
[Result "0-1"]
[WhiteElo "2456"]
[BlackElo "2610"]
[TimeControl "180+1"]
[EndTime "9:52:35 PDT"]
[Termination "Sadykov_Ramil won on time"]

1. e4 c5 2. Nf3 e6 3. d4 cxd4 4.
Nxd4 Nf6 5. Bd3 Nc6 6. Nb3 a6 7. O-O Qc7 8. Nc3 b5 9. Qe2 Bb7 10. a3 Be7 11. Bd2 O-O-O 12. Rae1 d5 13. exd5 Nxd5 14. Nxd5 Rxd5 15. c4 Rxd3 16. Qxd3 Ne5 17. Rxe5 Qxe5 18. cxb5 Qxb5 19. Rc1+ Kb8 20. Bf4+ Ka8 21.
Qg3 Bf6 22. Rc2 Rd8 23. h4 h6 24. Qg4 g5 25. hxg5 hxg5 26. Bc7 Qxb3 27. Bxd8 Bxd8 28.
Rd2 Bf6 29. Qh5 Bxb2 30. Qxf7 Bxa3 31. Qe8+ Ka7 32. Qd8 Bc5 33. Qxg5 Bb6 34. Qf4 a5 35. Kh2 Qc3 36. g4 Bc7 0-1

[Event "Early-Titled-Tuesday-Blitz-March-12-2024"]
[Site "Chess.com"]
[Date "2024.03.12"]
[Round "10"]
[White "Viktoker"]
[Black "Carlos-Godoy"]
[Result "1-0"]
[WhiteElo "2499"]
[BlackElo "2079"]
[TimeControl "180+1"]
[EndTime "9:52:36 PDT"]
[Termination "Viktoker won on time"]

1. a3 Nf6 2. d3 e5 3. e4 Bc5 4. Be2 O-O 5. Nf3 Nc6 6. O-O d5 7.
Nbd2 Bg4 8. exd5 Nxd5 9. Ne4 Bb6 10. c4 Nf4 11. c5 Nxe2+ 12. Qxe2 Nd4 13. Qd1 f5 14. Ned2 Bxc5 15. b4 Nxf3+ 16. Nxf3 Bd4 17. Ra2 Qd5 18. Rd2 Rad8 19. h3 Bh5 20. Re1 Bc3 21.
Ree2 Bxd2 22. Rxd2 Qc6 23. Bb2 e4 24. dxe4 Rxd2 25.
Qxd2 Bxf3 26. gxf3 fxe4 27. f4 Qf6 28. Bxf6 1-0

[Event "Early-Titled-Tuesday-Blitz-March-12-2024"]
[Site "Chess.com"]
[Date "2024.03.12"]
[Round "10"]
[White "JoliyRoger"]
[Black "RebelJohnny"]
[Result "0-1"]
[WhiteElo "2425"]
[BlackElo "2535"]
[TimeControl "180+1"]
[EndTime "9:52:38 PDT"]
[Termination "RebelJohnny won on time"]

1. d4 d5 2. c4 dxc4 3. Nf3 Nf6 4. Nc3 a6 5. g3 b5 6. Bg2 Bb7 7. O-O e6 8. Qc2 Nbd7 9. e4 b4 10. e5 bxc3 11. exf6 Qxf6 12. Bg5 Qg6 13. Qxg6 hxg6 14. bxc3 Be7 15. Bf4 Bd6 16. Be3 Ke7 17. Nd2 Bd5 18.
Rfe1 c6 19. Bf1 Nb6 20. a4 a5 21. Reb1 Rab8 22. Rb2 Kd7 23. h4 Kc7 24. Be2 f6 25. Bd1 g5 26. Nf3 gxh4 27. Nxh4 g5 28. Ng2 Nd7 29. Re2 Rb7 30. Bc2 Rbb8 31. Rae1 Rh6 32. f4 gxf4 33. Bxf4 Bxf4 34. Nxf4 Rh1+ 35. Kf2 Rxe1 36.
Rxe1 Rb2 37. Re2 Kd6 38. Bg6 Rxe2+ 39. Kxe2 c5 40. dxc5+ Nxc5 41. Bc2 Bc6 42. Ke3 Bxa4 43. Bxa4 Nxa4 44. Kd4 e5+ 45. Kxc4 exf4 46. gxf4 Nb2+ 0-1

[Event "Early-Titled-Tuesday-Blitz-March-12-2024"]
[Site "Chess.com"]
[Date "2024.03.12"]
[Round "10"]
[White "mitrabhaa"]
[Black "DenLaz"]
[Result "0-1"]
[WhiteElo "2958"]
[BlackElo "3053"]
[TimeControl "180+1"]
[EndTime "9:52:39 PDT"]
[Termination "DenLaz won by resignation"]

1. Nf3 f5 2. c4 Nf6 3. Nc3 g6 4. g3 Bg7 5. Bg2 O-O 6. O-O d6 7. d3 e5 8. b4 h6 9. Rb1 a6 10. a4 Be6 11. Nd2 Qc8 12. Nb3 g5 13. a5 f4 14. b5 Bh3 15. f3 Bxg2 16. Kxg2 axb5 17. Nxb5 Na6 18. Bb2 Qe6 19. Rc1 c6 20. Nc3 g4 21.
Ne4 Nh5 22. Qe1 fxg3 23. hxg3 Qg6 24. Kh2 d5 25. cxd5 cxd5 26. Nec5 gxf3 27. exf3 Rf5 28. g4 Nf4 29. Rc2 Rf7 30. Qe3 h5 31. Rg1 hxg4 32.
Rxg4 Qh6+ 33. Kg3 Qh3+ 34. Kf2 d4 35. Qxe5 Qxg4 36. fxg4 Bxe5 37. Kg3 Nxd3+ 0-1

[Event "Early-Titled-Tuesday-Blitz-March-12-2024"]
[Site "Chess.com"]
[Date "2024.03.12"]
[Round "10"]
[White "Oleksandr_Bortnyk"]
[Black "MatthewG-p4p"]
[Result "1-0"]
[WhiteElo "3018"]
[BlackElo "2893"]
[TimeControl "180+1"]
[EndTime "9:52:40 PDT"]
[Termination "Oleksandr_Bortnyk won by resignation"]

1. e4 e6 2. Nf3 d5 3. e5 c5 4. d4 cxd4 5. Bd3 Nc6 6. O-O Nge7 7.
Bf4 Qc7 8. Re1 f5 9. h4 Ng6 10. Bg3 Bb4 11. Nbd2 O-O 12. h5 Nge7 13. a3 Bc5 14. b4 Bb6 15. Bf4 a5 16. b5 Nb8 17.
Nb3 Nd7 18. h6 Ng6 19. hxg7 Rf7 20. Bh6 Nc5 21. Nxc5 Bxc5 22. Ng5 Rxg7 23. Bxg7 Qxg7 24. Qh5 Bd7 25. g3 Be7 26. Nf3 Nf4 27. Qh1 Nxd3 28.
cxd3 Bxb5 29. Nxd4 Bd7 30. Nxf5 Qg5 31. Nxe7+ Qxe7 32. d4 Rf8 33. Qh6 Bb5 34. Re3 Qf7 35. f4 Bc4 36. Rb1 b5 37. Rb2 Qa7 38. Qxe6+ Kh8 39.
Qh6 Kg8 40. Rh2 Rf7 41. e6 Re7 42. Qg5+ Kh8 43. Qf6+ Kg8 44. Rh5 1-0

[Event "Early-Titled-Tuesday-Blitz-March-12-2024"]
[Site "Chess.com"]
[Date "2024.03.12"]
[Round "10"]
[White "AsaHoffmann"]
[Black "VD_coach"]
[Result "1-0"]
[WhiteElo "2394"]
[BlackElo "2512"]
[TimeControl "180+1"]
[EndTime "9:52:40 PDT"]
[Termination "AsaHoffmann won on time"]

1. d4 Nf6 2. Bg5 Ne4 3. Bf4 c5 4. f3 Qa5+ 5. c3 Nf6 6. d5 d6 7. e4 g6 8. Qd2 Bg7 9. Na3 O-O 10.
Bh6 Bh8 11. Bxf8 Kxf8 12. h4 h5 13. Nh3 Nbd7 14. Ng5 Rb8 15. Nc4 Qd8 16. a4 b6 17.
Be2 Ba6 18. Ne3 Bxe2 19. Qxe2 Kg8 20. f4 Nh7 21. Nf3 a6 22. O-O Nhf6 23. Ng5 Nh7 24. Rad1 b5 25. axb5 axb5 26. f5 Nxg5 27. hxg5 b4 28. Nc4 Ne5 29. f6 exf6 30. Nxe5 fxe5 31. Qf3 Rb7 32. c4 Qxg5 33. Rf2 Bg7 34. Rdf1 Bh6 35. Qh3 Ra7 36. Qc8+ Kg7 37. Qe8 Qe7 38.
Rxf7+ Qxf7 39. Rxf7+ Rxf7 40. Qe6 Be3+ 41. Kh2 h4 42.
Kh3 Bg5 43. Qxd6 Rf1 44. Qxe5+ Bf6 45. Qc7+ Kh6 46. Qf7 Rh1+ 47. Kg4 Be5 48. Qe6 h3 49. gxh3 Rg1+ 50. Kf3 1-0

[Event "Early-Titled-Tuesday-Blitz-March-12-2024"]
[Site "Chess.com"]
[Date "2024.03.12"]
[Round "10"]
[White "GilbertoHernandezAmura"]
[Black "David_George21"]
[Result "1/2-1/2"]
[WhiteElo "2447"]
[BlackElo "2308"]
[TimeControl "180+1"]
[EndTime "9:52:40 PDT"]
[Termination "Game drawn by repetition"]

1. d4 Nf6 2. Bg5 e6 3. Nd2 Be7 4. e3 d5 5. Bd3 Nbd7 6. h4 h6 7. Bf4 c5 8. c3 h5 9. Ngf3 Ng4 10. Ng5 Bxg5 11. hxg5 e5 12. Qxg4 Nf8 13. Qg3 exf4 14. exf4 Qe7+ 15. Kf1 g6 16. Re1 Ne6 17. f5 gxf5 18.
g6 Bd7 19. dxc5 O-O-O 20. b4 f4 21. Qf3 fxg6 22. a4 g5 23. Bf5 Qf6 24. Qxd5 Bb5+ 25. axb5 Rxd5 26. Bxe6+ Qxe6 27. Rxe6 Rxd2 28. g3 f3 29. g4 h4 30. Rh3 Rd1+ 31. Re1 Rxe1+ 32. Kxe1 Re8+ 33. Kd2 Re2+ 34. Kd3 Rxf2 35. Ke3 Rc2 36.
Kd3 Rf2 37. Ke3 Rc2 38. Kd3 Rf2 1/2-1/2

[Event "Early-Titled-Tuesday-Blitz-March-12-2024"]
[Site "Chess.com"]
[Date "2024.03.12"]
[Round "10"]
[White "HATilay"]
[Black "AttilaTurzo"]
[Result "1-0"]
[WhiteElo "2680"]
[BlackElo "2470"]
[TimeControl "180+1"]
[EndTime "9:52:43 PDT"]
[Termination "HATilay won on time"]

1. e4 c5 2. Nf3 d6 3. d4 cxd4 4. Nxd4 Nf6 5. Nc3 a6 6. Be2 e5 7. Nb3 h6 8. Be3 Be7 9. Nd5 Be6 10. Bb6 Qd7 11. Nc7+ Kf8 12. Nxa8 Qc6 13. Na5 Qxe4 14.
O-O Nbd7 15. c3 g5 16. Bf3 Qf4 17. Be3 Qf5 18. Nc7 e4 19. Nxe6+ fxe6 20. Be2 Qxa5 21. Qb3 Kf7 22. Qxb7 Rb8 23. Qxa6 Qf5 24. b4 g4 25. Qa5 Ne5 26. Bd4 d5 27. Qc7 Nf3+ 28.
Bxf3 gxf3 29. Qxb8 Nh5 30. h3 Nf4 31. Qe5 Ne2+ 32.
Kh2 Qg6 33. Qg7+ Qxg7 34. Bxg7 Kxg7 35. g3 Nxc3 36. a4 Bxb4 37. a5 d4 38. a6 Bc5 39. a7 Bxa7 40. Rxa7+ Kf6 41. Rc1 Ne2 42. Rc5 e3 43. fxe3 f2 44. Ra1 dxe3 45. Kg2 Nd4 46. Rc3 1-0

[Event "Early-Titled-Tuesday-Blitz-March-12-2024"]
[Site "Chess.com"]
[Date "2024.03.12"]
[Round "10"]
[White "Yan_Dyomin2010"]
[Black "AlexeiShirov"]
[Result "1-0"]
[WhiteElo "2745"]
[BlackElo "2868"]
[TimeControl "180+1"]
[EndTime "9:52:44 PDT"]
[Termination "Yan_Dyomin2010 won by resignation"]

1. e4 e5 2. Nc3 Nf6 3. d4 exd4 4. Qxd4 Nc6 5. Qd3 Nb4 6. Qe2 d5 7. a3 d4 8. Nb5 Nc6 9. Bf4 Bd6 10. Bxd6 cxd6 11.
O-O-O Qb6 12. Nxd6+ Kf8 13. e5 Nd5 14. Qf3 Be6 15. Qg3 Rd8 16. Bc4 Qc5 17. Bxd5 Qxd5 18. Nf3 Qa2 19. Ng5 Bd5 20. e6 Qa1+ 21. Kd2 Qxb2 22.
Ngxf7 Ke7 23. Nxd8 Rxd8 24. Nf5+ Kxe6 25. Nxg7+ Kf7 26.
Nf5 Be4 27. Nh6+ Ke7 28. Qh4+ Kd6 29. Qxe4 Qc3+ 30. Ke2 Rf8 31. Nf5+ Kc7 32. Nxd4 Qc4+ 33. Ke1 Qc3+ 34. Kf1 Nxd4 35. Qxd4 Qxc2 36. h4 Kb8 37. Kg1 1-0

[Event "Early-Titled-Tuesday-Blitz-March-12-2024"]
[Site "Chess.com"]
[Date "2024.03.12"]
[Round "10"]
[White "Roman_Ovetchkin"]
[Black "Chessdude1987"]
[Result "0-1"]
[WhiteElo "2578"]
[BlackElo "2433"]
[TimeControl "180+1"]
[EndTime "9:52:47 PDT"]
[Termination "Chessdude1987 won by resignation"]

1. d4 e6 2. e4 d5 3. Nc3 Nf6 4. Bg5 h6 5. Bxf6 Qxf6 6. Nf3 Bb4 7. Bd3 O-O 8. O-O c6 9. e5 Qe7 10. Ne2 c5 11. c3 c4 12. Bc2 Ba5 13. Nf4 Bd7 14.
h4 Be8 15. Re1 Nd7 16. g3 Bc7 17. Qe2 b5 18. a3 a5 19. Nh2 Ra6 20. Ng4 Qd8 21.
Nh5 f5 22. Nh2 Bxh5 23. Qxh5 Qe8 24. Qe2 Qf7 25. Kg2 Raa8 26. h5 b4 27. f4 bxc3 28. bxc3 Rfb8 29. Reb1 Nf8 30. g4 fxg4 31. Qxg4 Rxb1 32.
Rxb1 Rb8 33. Rxb8 Bxb8 34. f5 exf5 35. Qxf5 Qxf5 36. Bxf5 Kf7 37. Ng4 Ne6 38. Ne3 Nc7 39. a4 Ba7 40. Kf3 Bb6 41. Be6+ Kxe6 42. Kf4 Ne8 0-1

[Event "Early-Titled-Tuesday-Blitz-March-12-2024"]
[Site "Chess.com"]
[Date "2024.03.12"]
[Round "10"]
[White "CarlosjPineror"]
[Black "SuperPower2011"]
[Result "0-1"]
[WhiteElo "2620"]
[BlackElo "2800"]
[TimeControl "180+1"]
[EndTime "9:52:52 PDT"]
[Termination "SuperPower2011 won by resignation"]

1. e4 c5 2. Nf3 d6 3. d4 cxd4 4.
Nxd4 Nf6 5. Nc3 a6 6. Bg5 Nbd7 7. f4 Qc7 8. Qe2 e5 9. fxe5 dxe5 10. Nf5 h6 11.
Bd2 Nc5 12. O-O-O Ncxe4 13. Nxg7+ Bxg7 14. Nxe4 Nxe4 15. Qxe4 Be6 16. Bb4 Rc8 17. Bd3 Qb6 18. g4 Bxa2 19. Rhf1 Be6 20. Kb1 Rd8 21. Bc3 Qc5 22.
Rde1 Rxd3 23. Qxd3 Bc4 24. Qf5 Bxf1 25. Bxe5 O-O 26. Bxg7 Qxf5 27. gxf5 Kxg7 28. Rxf1 Kf6 29. c4 Re8 30. Kc2 Re2+ 31. Kc3 Rxh2 32. b4 Rh5 33.
Rd1 Rh3+ 34. Kd4 Kxf5 35. Kc5 Ke6 36. Re1+ Kd7 37. Rf1 Rh5+ 38. Kd4 Ke6 39. Re1+ Kf6 40. Rf1+ Rf5 41. Re1 h5 42. c5 h4 43. Re4 Kg5 44.
Re7 h3 45. Rxb7 h2 0-1

[Event "Early-Titled-Tuesday-Blitz-March-12-2024"]
[Site "Chess.com"]
[Date "2024.03.12"]
[Round "10"]
[White "Gryffindorac8"]
[Black "ExchangeAB"]
[Result "0-1"]
[WhiteElo "2371"]
[BlackElo "2494"]
[TimeControl "180+1"]
[EndTime "9:52:52 PDT"]
[Termination "ExchangeAB won on time"]

1. d4 d5 2. c4 c6 3. Nf3 Nf6 4. Nc3 dxc4 5. a4 Bf5 6. e3 e6 7. Bxc4 Bb4 8. O-O O-O 9. Nh4 Bg4 10. f3 Bh5 11. g4 Bg6 12. Nxg6 hxg6 13. Qb3 a5 14. Na2 Qe7 15. Nxb4 axb4 16. Bd2 Rd8 17. Bxb4 Qd7 18. Rad1 Nd5 19. Be1 Na6 20. e4 Nf4 21. Bg3 g5 22. Qe3 Qc7 23. Bb3 Qa5 24. Bxf4 gxf4 25.
Qxf4 Qb6 26. Qe3 e5 27. Bc4 Rxd4 28. Rxd4 exd4 29. Qf4 Rf8 30. Rf2 Nc5 31. Kg2 Nxa4 32. Rd2 Nxb2 33. Bf1 c5 34. Qe5 Qb4 35. Rf2 Nd1 36.
Re2 Ne3+ 37. Kf2 Qb1 38. Bh3 b6 39. g5 g6 40. Qd6 Nd1+ 41. Kg2 Nc3 42. Rf2 Qc1 43.
Qxb6 Qxg5+ 44. Bg4 Nd1 45. Qd6 Ne3+ 0-1

[Event "Early-Titled-Tuesday-Blitz-March-12-2024"]
[Site "Chess.com"]
[Date "2024.03.12"]
[Round "10"]
[White "GeorgiosSouleidis"]
[Black "Anton_Demchenko"]
[Result "0-1"]
[WhiteElo "2688"]
[BlackElo "2994"]
[TimeControl "180+1"]
[EndTime "9:52:54 PDT"]
[Termination "Anton_Demchenko won on time"]

1. e4 e5 2. Nc3 Nf6 3. d4 exd4 4. Qxd4 Nc6 5. Qd3 Bc5 6. Bf4 O-O 7. O-O-O Ng4 8. Nh3 d6 9. Qg3 Kh8 10. Be2 Nge5 11.
Be3 Bxe3+ 12. Qxe3 Bxh3 13. Qxh3 Qg5+ 14. Kb1 Ne7 15.
g3 N5c6 16. f4 Qc5 17. g4 a5 18. Rhf1 a4 19. Nd5 a3 20. b3 Nb4 21. Nxb4 Qxb4 22. Qd3 Rae8 23. c3 Qa5 24. h4 Ng8 25. g5 f5 26. Bf3 Ne7 27. h5 fxe4 28. Bxe4 d5 29. Bxh7 d4 30. Bg6 Rd8 31. c4 Nc6 32. h6 Qc3 33.
hxg7+ Kxg7 34. Qxc3 dxc3 35. f5 Nb4 36. Rxd8 Rxd8 37.
Rh1 Rd2 0-1

[Event "Early-Titled-Tuesday-Blitz-March-12-2024"]
[Site "Chess.com"]
[Date "2024.03.12"]
[Round "10"]
[White "SharapovEvgeny"]
[Black "Iskusnyh"]
[Result "0-1"]
[WhiteElo "2518"]
[BlackElo "2661"]
[TimeControl "180+1"]
[EndTime "9:52:54 PDT"]
[Termination "Iskusnyh won by resignation"]

1. e4 e6 2. d4 d5 3. exd5 exd5 4.
Nf3 Nf6 5. Bd3 c5 6. O-O Nc6 7. Re1+ Be7 8. dxc5 O-O 9. Nbd2 Bxc5 10. Nb3 Bb6 11.
c3 Bg4 12. h3 Bh5 13. Bg5 h6 14. Bh4 Qd6 15. Kh1 Rfe8 16. Bg3 Qd7 17. Rxe8+ Rxe8 18. Kh2 Qe6 19. Qc2 Bxf3 20. gxf3 Ne5 21. Kg2 Nxd3 22. Qxd3 Qe2 23. Qxe2 Rxe2 24. Rb1 Nh5 25. Nd4 Bxd4 26.
cxd4 Nxg3 27. Kxg3 g5 28. a4 Kg7 29. b3 Rd2 30. Rc1 Rxd4 31. Rc7 Rb4 32. Rd7 d4 33. Rd6 a5 34. Rd5 b6 35. Rd6 Rxb3 36. Rxd4 Rb4 37.
Rd6 f6 38. Rc6 Kg6 39. Rd6 h5 40. Rc6 h4+ 41. Kg2 Kf5 42. Rd6 Ke5 43. Rc6 Rxa4 44. Rxb6 Rd4 45. Ra6 a4 46. Kf1 Rf4 47. Kg2 Kd5 48.
Kf1 Kc5 49. Ke2 Kb4 50. Rb6+ Kc3 51. Rc6+ Kb3 52. Rb6+ Rb4 53. Rxf6 a3 54. Rd6 a2 55. Rd3+ Kb2 56. Rd2+ Ka3 57. Rd3+ Rb3 0-1

[Event "Early-Titled-Tuesday-Blitz-March-12-2024"]
[Site "Chess.com"]
[Date "2024.03.12"]
[Round "10"]
[White "ChelsieMonica"]
[Black "TregubovP"]
[Result "0-1"]
[WhiteElo "2527"]
[BlackElo "2681"]
[TimeControl "180+1"]
[EndTime "9:52:55 PDT"]
[Termination "TregubovP won by resignation"]

1. e4 c5 2. Nf3 e6 3. d4 cxd4 4.
Nxd4 Nf6 5. Nc3 Nc6 6. Nxc6 bxc6 7. Bd3 d5 8. O-O Be7 9. e5 Nd7 10. f4 O-O 11. Ne2 Ba6 12. Kh1 Bxd3 13. cxd3 c5 14. Ng3 f5 15. exf6 Bxf6 16. Qe2 Qb6 17. Nh5 Bd4 18.
Rb1 Rae8 19. Be3 e5 20. f5 Nf6 21. Bg5 e4 22. Bxf6 Bxf6 23. Nf4 Qa6 24. Nxd5 Qxd3 25.
Nf4 Qxe2 26. Nxe2 Rd8 27. Ng3 e3 28. Rbe1 Rfe8 29. Re2 Rd2 30. Rfe1 Rxb2 31. Nh5 Bd4 32. g4 c4 33. Nf4 Re4 34. Ne6 Rxe2 35. Rxe2 Be5 36.
h3 c3 37. Nc5 Rc4 38. Nd3 c2 39. Nc1 Bb2 40. Re1 Bxc1 41. Rxc1 e2 42. Kg2 e1=Q 43.
Rxe1 c1=Q 0-1

[Event "Early-Titled-Tuesday-Blitz-March-12-2024"]
[Site "Chess.com"]
[Date "2024.03.12"]
[Round "10"]
[White "JaackCamel"]
[Black "josephymwale33"]
[Result "0-1"]
[WhiteElo "2200"]
[BlackElo "2491"]
[TimeControl "180+1"]
[EndTime "9:52:55 PDT"]
[Termination "josephymwale33 won on time"]

1. d4 d5 2. c4 e6 3. Nc3 c5 4. cxd5 exd5 5. Nf3 Nc6 6. g3 Be6 7. Bg2 Nf6 8. O-O Be7 9. Bg5 c4 10. b3 cxb3 11. axb3 O-O 12. e3 Rc8 13. Qd2 h6 14. Bxf6 Bxf6 15. Rfc1 Be7 16. Na4 Bb4 17. Qd3 Qf6 18. Nc5 Bxc5 19. Rxc5 b6 20. Rcc1 Na5 21. Ne5 Bf5 22. Qb5 a6 23. Qb4 Qe6 24. Qa4 f6 25. Nf3 Be4 26. b4 Nc4 27. Qxa6 Qc6 28. b5 Qd7 29. Qa7 Rc7 30. Qa4 Rfc8 31. Rd1 Nb2 32. Qa2 Nxd1 33. Rxd1 Rc2 34. Qb3 Qg4 35. Ne1 Qxd1 36.
Bxe4 Qxe1+ 37. Kg2 Qxf2+ 38. Kh3 Qxh2+ 39. Kg4 h5+ 40. Kf5 Qh3+ 0-1

[Event "Early-Titled-Tuesday-Blitz-March-12-2024"]
[Site "Chess.com"]
[Date "2024.03.12"]
[Round "10"]
[White "LiadCuba"]
[Black "alexrustemov"]
[Result "1-0"]
[WhiteElo "2567"]
[BlackElo "2848"]
[TimeControl "180+1"]
[EndTime "9:52:56 PDT"]
[Termination "LiadCuba won by resignation"]

1. d4 g6 2. c4 Bg7 3. e4 d6 4.
Nc3 Nc6 5. Be3 e5 6. Nge2 f5 7. d5 Nce7 8. f3 Nf6 9. h3 f4 10.
Bf2 c5 11. dxc6 bxc6 12. Qd2 d5 13. cxd5 cxd5 14. Nxd5 Nfxd5 15. exd5 Qxd5 16. Nc3 Qxd2+ 17. Kxd2 Be6 18. Bb5+ Kf7 19. Rhd1 Rhb8 20. b3 e4 21. Nxe4 Bxa1 22. Rxa1 Rd8+ 23. Ke2 h6 24. Rc1 Rac8 25. Rxc8 Rxc8 26. Nd6+ Kf6 27. Bd4+ Kg5 28. Nxc8 Nxc8 29. Bc5 Kf6 30. Bc4 Bf5 31. a4 g5 32. a5 h5 33.
b4 g4 34. hxg4 hxg4 35. b5 Kg5 36. b6 Nxb6 37. axb6 axb6 38. Bxb6 Kh4 39. Kf2 Kg5 40. Bd8+ Kh5 41. Bd5 gxf3 42. Kxf3 Bc2 43. Kxf4 Kg6 44. Be4+ 1-0

[Event "Early-Titled-Tuesday-Blitz-March-12-2024"]
[Site "Chess.com"]
[Date "2024.03.12"]
[Round "10"]
[White "IMRosen"]
[Black "Pedrada88"]
[Result "1-0"]
[WhiteElo "2697"]
[BlackElo "2543"]
[TimeControl "180+1"]
[EndTime "9:52:56 PDT"]
[Termination "IMRosen won on time"]

1. e4 b6 2. d4 Bb7 3. Bg5 h6 4. Bh4 g5 5. Bg3 Bxe4 6. d5 Bg7 7. Nc3 Bg6 8. h4 Nf6 9. hxg5 hxg5 10. Rxh8+ Bxh8 11.
Bd3 Bxd3 12. Qxd3 d6 13. Nf3 Nbd7 14. Nxg5 Nc5 15. Qb5+ Qd7 16. Qxd7+ Nfxd7 17. Nb5 O-O-O 18. Nxf7 Rf8 19. Nxh8 Rxh8 20. Ke2 Nf6 21. c4 a6 22. Nd4 b5 23. b3 bxc4 24. bxc4 Nfe4 25. Bf4 Nc3+ 26.
Kd2 N3a4 27. Nb3 Ne4+ 28. Ke3 Nf6 29. f3 Nb6 30. Rc1 Kd7 31. g4 Rf8 32. Bg3 e6 33.
dxe6+ Kxe6 34. Nd4+ Kd7 35. Nf5 Re8+ 36. Kd3 Na4 37.
Bf2 Rb8 38. Bd4 Ne8 39. Rh1 c5 40. Rh7+ Kc6 41. Ne7+ Kb6 42. Nd5+ Ka5 43. Bc3+ Nxc3 44. Nxc3 Rb2 45. g5 Rf2 46. f4 Rxf4 47. Re7 Rd4+ 48. Kc2 1-0

[Event "Early-Titled-Tuesday-Blitz-March-12-2024"]
[Site "Chess.com"]
[Date "2024.03.12"]
[Round "10"]
[White "Sattarov_Bobur"]
[Black "VladimirKramnik"]
[Result "0-1"]
[WhiteElo "2819"]
[BlackElo "2995"]
[TimeControl "180+1"]
[EndTime "9:52:58 PDT"]
[Termination "VladimirKramnik won on time"]

1. e4 e6 2. d4 d5 3. e5 c5 4.
c3 Nc6 5. Nf3 Bd7 6. Bd3 cxd4 7.
O-O dxc3 8. Nxc3 a6 9. Re1 Nge7 10. h4 h6 11. h5 Rc8 12. a3 Nf5 13. Bf4 Bc5 14.
b4 Ba7 15. Rc1 O-O 16. Qd2 Nh4 17. Nh2 f6 18. exf6 Qxf6 19. Bg3 Nd4 20. Ng4 Ndf3+ 21.
Kh1 Nxd2 22. Nxf6+ Rxf6 23. Bxh4 Rf4 24. Bg3 Rff8 25.
Rc2 Bxf2 26. Bxf2 Rxf2 27. Rec1 Nb3 28. Rxf2 Nxc1 29. Bg6 Rxc3 30. Rf7 Be8 31. Re7 Bxg6 32. hxg6 Rc8 33. Rxe6 d4 34. Rd6 d3 35. Kg1 Kf8 36. Rd7 Ke8 37. Rxg7 d2 38. Rg8+ Kd7 39. Rxc8 d1=Q+ 40. Kh2 Qh5+ 0-1

[Event "Early-Titled-Tuesday-Blitz-March-12-2024"]
[Site "Chess.com"]
[Date "2024.03.12"]
[Round "10"]
[White "GMSrinath"]
[Black "rasmussvane"]
[Result "1-0"]
[WhiteElo "2823"]
[BlackElo "2950"]
[TimeControl "180+1"]
[EndTime "9:52:59 PDT"]
[Termination "GMSrinath won by resignation"]

1. Nf3 d5 2. e3 Nf6 3. c4 c6 4.
Nc3 a6 5. d4 Bf5 6. Bd3 Bg6 7.
O-O e6 8. a3 Nbd7 9. Re1 Ne4 10. Qc2 f5 11. Ne2 Bf7 12. Ne5 Nxe5 13. dxe5 Nc5 14.
cxd5 Nxd3 15. Qxd3 Qxd5 16. Qc3 Qc5 17. Bd2 Qxc3 18.
Bxc3 Be7 19. Rad1 Rd8 20. Ba5 Rd5 21. Bc7 Kd7 22. Bb6 Kc8 23. Rxd5 exd5 24. b4 g6 25. f4 Kd7 26. Nd4 Rb8 27. Rc1 Rc8 28.
Kf2 Bg8 29. Kf3 Be6 30. g3 Rg8 31. Bc5 Bd8 32. a4 Bf7 33. b5 cxb5 34. axb5 a5 35. b6 Re8 36. Ra1 Be7 37. Rxa5 Rc8 38. Bxe7 Kxe7 39.
Ra7 Ke8 40. Rxb7 g5 1-0

[Event "Early-Titled-Tuesday-Blitz-March-12-2024"]
[Site "Chess.com"]
[Date "2024.03.12"]
[Round "10"]
[White "Herman-NY"]
[Black "AccioChess"]
[Result "1/2-1/2"]
[WhiteElo "2536"]
[BlackElo "2438"]
[TimeControl "180+1"]
[EndTime "9:53:03 PDT"]
[Termination "Game drawn by repetition"]

1. e4 e6 2. d4 d5 3. Nc3 Nf6 4. e5 Nfd7 5. Nce2 c5 6. c3 Nc6 7. f4 Be7 8. Nf3 O-O 9. g3 b6 10. Bh3 Ba6 11. Kf2 b5 12. a3 Qb6 13. Kg2 cxd4 14.
cxd4 b4 15. Re1 Rac8 16. f5 Bxe2 17. Rxe2 exf5 18. Bxf5 Rc7 19. Bf4 Rb7 20. e6 fxe6 21. Bxe6+ Kh8 22. Bxd5 Nf6 23. Be6 bxa3 24. bxa3 Nd8 25.
Ba2 Bd6 26. Rb1 Qa6 27. Ne5 Bxe5 28. Bxe5 Qxa3 29. Rxb7 Nxb7 30. Qb3 Qxb3 31. Bxb3 Na5 32. Be6 Nc6 33. Bxf6 gxf6 34. d5 Nd8 35. Bf5 Kg7 36. Re7+ Rf7 37. Re8 Nb7 38. Be6 Rc7 39. Rg8+ Kh6 40.
h4 Nd6 41. Rf8 Kg7 42. Rg8+ Kh6 43. Kh3 f5 44. Rf8 Kg7 45. Rd8 Nf7 46. Ra8 Nd6 47. Rd8 Nf7 48. Rb8 Nd6 49. Rd8 1/2-1/2

[Event "Early-Titled-Tuesday-Blitz-March-12-2024"]
[Site "Chess.com"]
[Date "2024.03.12"]
[Round "10"]
[White "Firouzja2003"]
[Black "Msb2"]
[Result "1/2-1/2"]
[WhiteElo "3138"]
[BlackElo "3013"]
[TimeControl "180+1"]
[EndTime "9:53:04 PDT"]
[Termination "Game drawn - insufficient material"]

1. e4 e6 2. d4 d5 3. Nc3 Nf6 4. e5 Nfd7 5. f4 c5 6. Nf3 Nc6 7. Be3 a6 8. Qd2 b5 9. Qf2 Qa5 10. dxc5 b4 11. Ne2 Nxc5 12. Ng3 Ne4 13. Nxe4 dxe4 14. Nd2 Bb7 15. Bb6 Qd5 16. Bc4 Qd7 17. O-O-O Qc8 18. Nxe4 Be7 19. Nd6+ Bxd6 20. exd6 Qd7 21.
f5 O-O 22. fxe6 fxe6 23. Qe3 Rae8 24. Rhe1 Bc8 25. g4 Kh8 26. h4 e5 27. Bd5 Nd4 28.
Bxd4 exd4 29. Qxd4 Qxd6 30. Rxe8 Rxe8 31. Bf7 Qxd4 32.
Rxd4 Rf8 33. g5 g6 34. Bb3 a5 35. Rd5 Be6 36. Rxa5 Bxb3 37. cxb3 Rf4 38. a4 Rxh4 39.
Rb5 h6 40. gxh6 Kh7 41. a5 Rh1+ 42. Kc2 Ra1 43. Kd3 Kxh6 44. Kc4 g5 45. Kxb4 g4 46. Rc5 g3 47. Rc2 Kg5 48. Kb5 Kf4 49. a6 Kf3 50. b4 g2 51. Rxg2 Kxg2 52. Kb6 Kf3 53.
b5 Ke4 54. Kc5 Rc1+ 55. Kd6 Rd1+ 56. Kc6 Ra1 57. b4 Kd4 58. Kb7 Kc4 59. b6 Kxb4 60. a7 Kb5 61. a8=Q Rxa8 62. Kxa8 Kxb6 1/2-1/2